 Dungeon Crawl Stone Soup version 0.19-a0-1049-g462a813 (webtiles) character file.

170 4thArraOfDagon the Ruffian (level 5, 0/40 HPs)
             Began as a Vine Stalker Chaos Knight on July 31, 2016.
             Succumbed to a scorpion's poison
             ... on level 6 of the Dungeon.
             The game lasted 00:04:40 (883 turns).

4thArraOfDagon the Ruffian (VSCK)                    Turns: 883, Time: 00:04:41

Health: 0/40       AC:  9    Str: 20    XL:     5   Next: 50%
Magic:  6/6        EV:  9    Int: 13    God:    Xom [..*...]
Gold:   108        SH:  0    Dex: 13    Spells: 0 memorised, 4 levels left

rFire  . . .     SeeInvis .       - Unarmed
rCold  . . .     Gourm    .     m - +3 scale mail {rN+}
rNeg   + . .     Faith    .     (no shield)
rPois  .         Spirit   +     (no helmet)
rElec  .         Dismiss  .     (no cloak)
rCorr  .         Reflect  .     (no gloves)
SustAt .         Harm     .     (no boots)
MR     .....                    (no amulet)
Stlth  ..........               (no ring)
                                j - -2 ring of evasion (curse)

@: berserking, lethally poisoned (0 -> -6), very quick, not resistant to hostile
enchantments, extremely unstealthy
A: fangs 2, regeneration 1, magic shield, antimagic bite, no device heal 3, rot
immunity
a: Renounce Religion


You were on level 6 of the Dungeon.
You worshipped Xom.
You were a toy of Xom.
You were hungry.

You visited 1 branch of the dungeon, and saw 5 of its levels.

You collected 108 gold pieces.

Inventory:

Hand Weapons
 k - a +0 blowgun
Missiles
 l - 5 poisoned needles
Armour
 a - a +2 leather armour
 m - a +3 scale mail of positive energy (worn)
Jewellery
 j - a cursed -2 ring of evasion (left hand)
Scrolls
 c - a scroll of enchant armour
 h - a scroll of noise
Potions
 i - a potion of ambrosia
 n - a potion of might
Comestibles
 b - 2 bread rations
 f - a meat ration


   Skills:
 - Level 2.6 Fighting
 - Level 2.2 Armour
 + Level 2.5 Dodging
 * Level 4.7 Unarmed Combat


You had 4 spell levels left.
You didn't know any spells.

Dungeon Overview and Level Annotations

Branches:
Dungeon (6/15)
 Temple: D:4-7

Altars:
Gozag
Sif Muna
Xom

Annotations:
D:4 Blork the orc


Innate Abilities, Weirdness & Mutations

You have extremely sharp teeth.
Your natural rate of healing is unusually fast.
When hurt, damage is shared between your health and your magic reserves.
Your bite disrupts and absorbs the magic of your enemies.
Potions and wands cannot restore your health.
You are immune to rotting.


Message History

Unknown command.
Unknown command.
Unknown command.
You hit the scorpion but do no damage. Your bite misses the scorpion.
The scorpion is almost dead.
* * * LOW HITPOINT WARNING * * *
You feel sick. The scorpion stings you.
* * * LOW HITPOINT WARNING * * *
Unknown command.
You barely miss the scorpion.
The scorpion is almost dead.
* * * LOW HITPOINT WARNING * * *
You feel sick. The scorpion barely misses you.
Unknown command.
Unknown command.
It was a potion of berserk rage.
A red film seems to cover your vision as you go berserk!
You feel yourself moving faster!
You feel mighty!
You die...
Xom thinks this is hilarious!

*,,,,,,,,,,,* *,*,*
************* *,*,*
***#########********# *,*,*
,,,,...#...,,,,,,,,.# *,*,*
######.#.##########.###*,*,*
#.........#...........,,,*,*
###.##.#............#***,*,*
#.##.#...........#####**,*
#.##.#......#.@s../...,,,*
#.##.#......#.##.#####****
#.##.#.##...#.#,,$.,,,,,,*
#.##.#..,...#.#,,*##****,*
#.##.#.#,*#.#.#,,* *,*
#.##.#.#,,,,#.#,,* *,*
#.##.#.######.#*** *,*
#.##'#........# *,*
#.#....########** *,*


You could see a scorpion.

Vanquished Creatures
  A centaur zombie (D:6)
  An orc priest (D:6)
  Ijyb (D:3)
  Terence (D:3)
  A howler monkey zombie (D:6)
  An adder (D:3)
  3 dart slugs
  The ghost of 4thArraOfDagon the Gusty, a weakling VSAE (D:3)
  A giant gecko (D:6)
  4 orcs
  A ball python (D:2)
  A giant cockroach (D:3)
  2 goblins (D:1)
  A hobgoblin (D:3)
  2 jackals (D:6)
  4 bats
  2 giant newts (D:3)
  5 kobolds
  2 rats (D:2)
35 creatures vanquished.

Notes
Turn   | Place    | Note
-------+----------+-------------------------------------------
     0 | D:1      | 4thArraOfDagon the Vine Stalker Chaos Knight began the quest for the Orb.
     0 | D:1      | Reached XP level 1. HP: 11/11 MP: 2/2
    14 | D:1      | XOM: silly message
    68 | D:1      | XOM: butterfly on damage
    85 | D:1      | Reached skill level 1 in Dodging
   156 | D:2      | Reached XP level 2. HP: 16/16 MP: 3/3
   259 | D:3      | Noticed Terence
   293 | D:3      | Noticed Ijyb
   310 | D:3      | Killed Ijyb
   310 | D:3      | Reached XP level 3. HP: 18/19 MP: 4/4
   356 | D:3      | Found a deep blue altar of Sif Muna.
   371 | D:3      | XOM: cast spell 'Call Canine Familiar'
   398 | D:3      | XOM: harmless Necr miscast
   399 | D:3      | Killed Terence
   399 | D:3      | Reached skill level 4 in Unarmed Combat
   399 | D:3      | Reached XP level 4. HP: 15/23 MP: 5/5
   442 | D:4      | Noticed Blork the orc
   485 | D:3      | XOM: harmless Pois miscast
   543 | D:3      | Noticed 4thArraOfDagon's ghost (weakling VSAE)
   637 | D:3      | Killed 4thArraOfDagon's ghost
   716 | D:3      | You fall through a shaft for 3 floors!
   751 | D:6      | XOM: harmless Conj miscast
   759 | D:6      | Reached XP level 5. HP: 22/27 MP: 6/6
   769 | D:6      | XOM: potion effect (berserk rage)
   837 | D:6      | Found a shimmering altar of Xom.
   842 | D:6      | Found an opulent altar of Gozag.
   881 | D:6      | HP: 1/27 [scorpion (1)]
   883 | D:6      | Succumbed to a scorpion's poison

Vault maps used:
D:1:      dpeg_arrival_rooms_with_view, hex_intersection,
          minmay_tree_intersection
D:2:      st_stairs_13
D:3:      nicolae_overflow_hidden_temple, lemuel_doored_altar, first_bread,
          serial_glass, glass_columns_a, glass_columns_a, uniq_terence,
          uniq_natasha, uniq_iyjb
D:4:      good_gods_temple_1, gammafunk_temple_overflow_pools,
          grunt_pakellas_basics, uniq_blork_the_orc
D:6:      minitemple, nicolae_ossuary_entry_ruins

Skill      XL: |  1  2  3  4 |
---------------+-------------+-----
Dodging        | 1 2 |  2.5
Armour         | 2 |  2.2
Unarmed Combat | 4 |  4.7
Fighting       | |  2.6

Action                   |  1- 3 |  4- 6 || total
-------------------------+-------+-------++-------
Melee: Unarmed           |    79 |    70 ||   149
       Bite              |    16 |    19 ||    35
       Punch             |     1 |     2 ||     3
 Fire: Blowgun           |     3 |       ||     3
  Use: Scroll            |       |     7 ||     7
       Potion            |       |     1 ||     1
Armor: Leather armour    |    23 |       ||    23
       Scale mail        |       |    35 ||    35
Dodge: Dodged            |    42 |    26 ||    68
